 Dungeon Crawl Stone Soup version 0.29.0-11-gd7f09526c8 (webtiles) character file.

Game seed: 10734908569248077101

23405 sanka the Zephyrmancer (level 12, -6/101 HPs)
             Began as a Demigod Arcane Marksman on Sept 5, 2022.
             Killed by an exploding ball lightning (21 damage)
             ... on level 12 of the Dungeon.
             The game lasted 00:42:24 (19054 turns).

sanka the Zephyrmancer (Demigod Arcane Marksman)   Turns: 19054, Time: 00:42:24

Health: -6/101     AC: 11    Str: 11    XL:     12   Next: 38%
Magic:  7/23       EV: 21    Int: 42    God:
Gold:   472        SH:  0    Dex: 19    Spells: 9/21 levels left

rFire   . . .      SeeInvis +   b - staff of conjuration {!a}
rCold   . . .      Faith    .   (no shield)
rNeg    + . .      Spirit   .   K - +0 steam dragon scales
rPois   .          Reflect  .   U - +2 helmet of Evolution {rN+ Int+5 SInv}
rElec   .          Harm     .   O - +1 cloak {rCorr}
rCorr   +          Rampage  .   u - +0 pair of gloves
Will    +....                   (no boots)
Stlth   +.........              c - amulet of magic regeneration
HPRegen 0.26/turn               y - +4 ring of evasion
MPRegen 0.58/turn               q - ring of Moral Flaws {Int+6 Dex+5 Stlth-}

@: slowed, very slow
A: high MP 1, forlorn, divine attributes
a: no special abilities


You were on level 12 of the Dungeon.
You visited 1 branch of the dungeon, and saw 12 of its levels.
You also visited: Bailey.

You collected 940 gold pieces.
You spent 468 gold pieces at shops.


Innate Abilities, Weirdness & Mutations

You have an increased reservoir of magic. (+10% MP)
You shall have no god before yourself.
Your divine heritage dramatically boosts your attributes as you level up.


   Skills:
 - Level 8.1 Fighting
 - Level 2.0 Ranged Weapons
 - Level 8.3 Dodging
 + Level 5.1 Spellcasting
 * Level 9.6 Conjurations
 - Level 3.0 Hexes
 - Level 12.0 Air Magic


You had 9 spell levels left.
You knew the following spells:

 Your Spells              Type           Power      Damage    Failure   Level
x - Airstrike             Air            42%        2d(6-22)  1%          4
y - Shock                 Conj/Air       100%       1d9       1%          1
z - Slow                  Hex            100%       N/A       1%          1
X - Conjure Ball Lightni  Conj/Air       50%        3x3d17    4%          6

Your spell library contained the following spells:

 Spells                   Type           Power      Damage    Failure   Level
 Magic Dart               Conj           100%       1d8       1%          1
 Ensorcelled Hibernation  Hex/Ice        46%        N/A       1%          2
 Searing Ray              Conj           100%       2d8       1%          2
 Conjure Flame            Conj/Fire      67%        6-21      1%          3
 Fulminant Prism          Conj/Hex       38%        3d18      1%          4
 Summon Small Mammal      Summ           40%        N/A       2%          1
 Confusing Touch          Hex            35%        N/A       2%          3
 Wereblood                Tmut           10%        N/A       3%          2
 Hailstorm                Conj/Ice       67%        3d14      3%          4
 Sticky Flame             Conj/Fire      67%        2d8       3%          4
 Silence                  Hex/Air        32%        N/A       3%          5
 Inner Flame              Hex/Fire       23%        N/A       4%          3
 Portal Projectile        Hex/Tloc       46%        N/A       4%          3
 Summon Guardian Golem    Hex/Summ       23%        N/A       4%          3
 Call Canine Familiar     Summ           10%        N/A       8%          3
 Ignite Poison            Fire/Tmut/Pois 10%        N/A       8%          3
 Spider Form              Tmut/Pois      10%        N/A       8%          3
 Cause Fear               Hex            17%        N/A       8%          4
 Anguish                  Hex/Necr       11%        N/A       14%         4
 Ice Form                 Ice/Tmut       10%        N/A       26%         4
 Passage of Golubria      Tloc           10%        N/A       26%         4
 Yara's Violent Unravell  Hex/Tmut       11%        3d6       36%         5
 Simulacrum               Ice/Necr       5%         N/A       98%         6
 Statue Form              Tmut/Erth      6%         N/A       98%         6
 Enfeeble                 Hex            17%        N/A       99%         7
 Discord                  Hex            17%        N/A       100%        8
 Disjunction              Tloc           5%         N/A       100%        8
 Lehudib's Crystal Spear  Conj/Erth      33%        10d9      100%        8

Inventory:

Hand Weapons
 a - a +4 scimitar of flaming
Missiles
 k - 2 curare-tipped darts {=f}
 T - a throwing net {=f}
Armour
 u - a +0 pair of gloves (worn)
 K - +0 steam dragon scales (worn)
 O - a +1 cloak of preservation (worn)
 U - the +2 helmet of Evolution (worn) {rN+ Int+5 SInv}

   Int:       It affects your intelligence (+5).
   rN:        It protects you from negative energy.
   SInv:      It lets you see invisible.
Magical Staves
 b - a staff of conjuration (weapon) {!a}
Jewellery
 c - an amulet of magic regeneration (around neck)
 q - the ring of Moral Flaws (right hand) {Int+6 Dex+5 Stlth-}

   [ring of intelligence]

   Int:       It affects your intelligence (+6).
   Dex:       It affects your dexterity (+5).
   Stlth:     It makes you less stealthy.
 y - a +4 ring of evasion (left hand)
 z - a +4 ring of slaying
 B - a ring of protection from fire
 I - a ring of flight
 P - a ring of protection from cold
 Q - a ring of ice
 R - the ring "Akimnyd" {rC+ Will+}

   [ring of protection from cold]

   rC:        It protects you from cold.
   Will:      It increases your willpower.
Wands
 t - a wand of light (6)
 x - a wand of paralysis (3)
 E - a wand of polymorph (11)
 L - a wand of roots (11)
 S - a wand of mindburst (17)
Scrolls
 f - 10 scrolls of teleportation {@r4}
 g - 2 scrolls of summoning
 h - 3 scrolls of blinking
 j - 6 scrolls of poison {!r}
 l - 3 scrolls of amnesia
 o - a scroll of silence {!r}
 p - a scroll of brand weapon
 r - 3 scrolls of vulnerability {!r}
 s - 2 scrolls of fear
 D - 3 scrolls of magic mapping
 G - a scroll of immolation {unknown}
 M - 2 scrolls of butterflies
 X - a scroll of acquirement
 Y - 2 scrolls of enchant weapon
Potions
 d - a potion of berserk rage {unknown}
 e - a potion of invisibility {unknown}
 i - 7 potions of curing {@q1}
 m - 2 potions of lignification {unknown}
 n - 3 potions of resistance
 v - 2 potions of haste {unknown}
 w - 5 potions of might {unknown}
 A - a potion of heal wounds {unknown}
 C - 2 potions of brilliance {unknown}
 F - 3 potions of attraction {unknown}
 H - 5 potions of degeneration {unknown}
 J - 3 potions of magic {unknown}
 N - 2 potions of ambrosia {unknown}
 V - a potion of flight {unknown}
 Z - 3 potions of mutation {unknown}

Dungeon Overview and Level Annotations

Branches:
Dungeon (12/15)            Temple (0/1) D:5            Lair (0/5) D:9
    Orc (0/2) D:11         Bailey (visited)

Shops:
D:9 = D:10

?
▒...▒▒▒▒▒▒......▒▒▒▒▒▒▒▒▒▒▒▒▒▒▒
▒...▒ ▒....................▒
▒...▒ ▒....................▒▒▒
▒...▒ ▒.......................
▒...▒ ▒.......................
▒...▒ ▒.......<...............
▒...▒ ▒...........▒▒▒▒▒▒▒▒....
▒...▒ ▒...........▒ ▒..▒▒ ▒...▒
▒......p....▒ ▒..▒ ▒...▒
▒...........▒ ▒..▒
▒...▒▒▒▒▒▒.▒▒▒W▒.....▒ ▒..'
▒▒.........▒...▒.....▒
▒.........▒...▒.....▒
▒.<.▒▒▒'▒.▒...▒....... .▒▒
▒...▒...▒.▒...▒........ ...
▒...▒...▒.▒...▒........▒▒+▒▒▒▒▒▒
▒...▒...▒.▒...▒....... ▒........


You could see a wraith.


Message History

You create some ball lightning! 3 ball lightnings come into view.
The wraith completely misses you.
Unknown command.
Unknown command.
The wraith attacks as you move away! The wraith hits you.
The wraith drains your vigour!
You feel as though you will be slow longer.
Your ball lightning explodes!
The blast of lightning engulfs the wraith!!!
You destroy the wraith!
The blast of lightning engulfs you!!!
* * * LOW HITPOINT WARNING * * *
The blast of lightning engulfs the wraith!!
The wraith is almost destroyed.
The blast of lightning engulfs your ball lightning.
The blast of lightning engulfs your ball lightning.
The wraith hits your ball lightning!
Your ball lightning explodes!
The blast of lightning engulfs the wraith!!
You destroy the wraith!
The blast of lightning engulfs your ball lightning.
The blast of lightning engulfs you!!
* * * LOW HITPOINT WARNING * * *
The blast of lightning engulfs the wraith!!
The wraith is almost destroyed.
Your ball lightning explodes!
The blast of lightning engulfs you!!
You die...

Action                   |  1- 3 |  4- 6 |  7- 9 | 10-12 || total
-------------------------+-------+-------+-------+-------++-------
Melee: Dagger            |    29 |   136 |       |       ||   165
       Punch             |       |     5 |       |     2 ||     7
       Dire flail        |       |       |    13 |     6 ||    19
       War axe           |       |       |       |    65 ||    65
       Unarmed           |       |       |       |     5 ||     5
       Scimitar          |       |       |       |   103 ||   103
 Fire: Sling             |   108 |    58 |       |       ||   166
Throw: Dart              |       |       |       |     2 ||     2
 Cast: Shock             |       |    86 |   195 |    27 ||   308
       Slow              |       |     6 |     7 |       ||    13
       Airstrike         |       |       |    74 |   232 ||   306
       Conjure Ball Ligh |       |       |       |     7 ||     7
Evoke: Wand              |       |       |       |     4 ||     4
  Use: Scroll            |       |       |     7 |     7 ||    14
 Stab: Sleeping          |       |     1 |       |       ||     1
Armor: Robe              |    48 |    82 |     6 |       ||   136
       Steam dragon scal |       |       |    25 |    78 ||   103
       Skin              |       |       |       |     4 ||     4
Dodge: Dodged            |    83 |   119 |    63 |   285 ||   550

Levels and vault maps discovered:
D:1:      wander_arrival_estate, layout_rooms,
          hellmonk_ecumenical_altar_heavens_door, minmay_three_crescents
D:2:      layout_basic, minmay_misc_feat_columns, uniq_jessica
D:3:      layout_rooms, roderic_serpentine_path, dk_noncrumbling_4, uniq_natasha
D:4:      black_bear_nest_1, layout_rooms, marbit_many_paths,
          mainiacjoe_overflow_divided_tiny, serial_glass, glass_columns_a,
          glass_columns_b, glass_columns_a, glass_columns_c,
          ebering_dispersal_statue_hall
D:5:      layout_loops_ring, minmay_temple_entry_poolview, uniq_edmund
D:6:      layout_basic, grunt_ministairs_7, uniq_maggie
D:7:      cheibrodos_fertilizer, layout_basic, serial_demonic, serial_demonic_b,
          serial_demonic_d, serial_demonic_f, serial_demonic_g,
          serial_demonic_d, serial_demonic_f, serial_demonic_a,
          serial_demonic_c, minivault_23
D:8:      layout_layer_cave, uniq_joseph
D:9:      minmay_curly_fans, layout_loops_corners, lair_entry_dummy,
          serial_shops, nicolae_shop_waterfront, uniq_maurice
D:10:     kennysheep_kobold_lugonu_temple, layout_irregular_city, slow_altar_2,
          enter_bailey_2, serial_shops, kennysheep_little_box, uniq_psyche
D:11:     layout_loops_corners, orc_0_dummy, uniq_fannar, uniq_erica, uniq_grum
D:12:     layout_irregular_city, uniq_josephine

Notes
Turn   | Place    | Note
-------+----------+-------------------------------------------
     0 | D:1      | sanka the Demigod Arcane Marksman began the quest for the
                  | Orb.
     0 | D:1      | Reached XP level 1. HP: 15/15 MP: 4/4
    34 | D:1      | Reached skill level 2 in Ranged Weapons
    37 | D:1      | Reached skill level 3 in Hexes
   104 | D:1      | Reached skill level 1 in Fighting
   147 | D:1      | Reached XP level 2. HP: 23/23 MP: 5/5
   153 | D:1      | Reached skill level 2 in Dodging
   808 | D:2      | Reached XP level 3. HP: 13/29 MP: 6/6
   814 | D:2      | Reached skill level 2 in Fighting
  1126 | D:2      | Got the Tome of Mercurial Breath
  1129 | D:2      | Learned a level 1 spell: Shock
  1387 | D:2      | Reached XP level 4. HP: 36/36 MP: 8/8
  1917 | D:2      | Noticed Jessica
  1922 | D:2      | Reached skill level 1 in Air Magic
  1926 | D:2      | Reached skill level 1 in Conjurations
  1947 | D:2      | Killed Jessica
  2346 | D:3      | Noticed Natasha
  2409 | D:3      | Killed Natasha
  2410 | D:3      | Reached XP level 5. HP: 22/41 MP: 3/10
  2959 | D:3      | Noticed Natasha
  2967 | D:3      | Killed Natasha
  2968 | D:3      | Reached skill level 2 in Spellcasting
  2968 | D:3      | Reached skill level 2 in Conjurations
  3040 | D:3      | Reached skill level 2 in Air Magic
  3268 | D:3      | Noticed Natasha
  3278 | D:3      | Killed Natasha
  4017 | D:4      | Reached XP level 6. HP: 40/48 MP: 8/11
  4068 | D:4      | Learned a level 4 spell: Airstrike
  4515 | D:4      | Reached skill level 3 in Conjurations
  4515 | D:4      | Reached skill level 3 in Air Magic
  4828 | D:5      | Entered Level 5 of the Dungeon
  4970 | D:5      | Noticed Edmund
  4994 | D:5      | Killed Edmund
  4995 | D:5      | Reached skill level 4 in Conjurations
  4995 | D:5      | Reached XP level 7. HP: 28/55 MP: 7/13
  5184 | D:5      | Reached skill level 4 in Air Magic
  6001 | D:5      | Reached skill level 5 in Conjurations
  6001 | D:5      | Reached skill level 5 in Air Magic
  6144 | D:5      | Found a staircase to the Ecumenical Temple.
  6421 | D:6      | Reached skill level 6 in Air Magic
  6421 | D:6      | Reached XP level 8. HP: 61/61 MP: 7/14
  6777 | D:6      | Identified +0 steam dragon scales
  6777 | D:6      | Noticed Maggie
  6788 | D:6      | Killed Maggie
  6789 | D:6      | Reached skill level 7 in Air Magic
  7617 | D:7      | Reached skill level 8 in Air Magic
  7816 | D:7      | Noticed a slime creature
  7816 | D:7      | Noticed a slime creature
  7838 | D:7      | Killed a slime creature
  7979 | D:7      | Killed a slime creature
  7980 | D:7      | Reached skill level 9 in Air Magic
  7980 | D:7      | Reached XP level 9. HP: 67/67 MP: 3/15
  8349 | D:7      | Reached skill level 10 in Air Magic
  8445 | D:7      | Reached skill level 3 in Dodging
  8820 | D:8      | Noticed Joseph
  9186 | D:7      | Killed Joseph
  9187 | D:7      | Reached skill level 3 in Fighting
  9187 | D:7      | Reached skill level 4 in Dodging
  9519 | D:8      | Reached skill level 4 in Fighting
  9985 | D:7      | Reached skill level 5 in Dodging
 10076 | D:7      | Reached skill level 5 in Fighting
 11137 | D:8      | Reached XP level 10. HP: 69/81 MP: 3/16
 11750 | D:9      | Reached skill level 6 in Dodging
 11817 | D:9      | Reached skill level 6 in Fighting
 11859 | D:9      | Noticed Maurice
 11871 | D:9      | Killed Maurice
 12070 | D:9      | Noticed a centaur warrior
 12098 | D:9      | Noticed a tengu warrior
 12111 | D:9      | Killed a tengu warrior
 12112 | D:9      | Reached skill level 7 in Fighting
 12112 | D:9      | Reached skill level 7 in Dodging
 12245 | D:9      | Killed a centaur warrior
 12702 | D:9      | Found Zuod's Jewellery Boutique.
 12737 | D:9      | Bought a +4 ring of evasion for 468 gold pieces
 12878 | D:9      | Identified the ring "Akimnyd" {rC+ Will+}
 13195 | D:9      | Reached skill level 8 in Dodging
 13336 | D:9      | Found a staircase to the Lair.
 13566 | D:10     | Entered Level 10 of the Dungeon
 13595 | D:10     | Reached skill level 8 in Fighting
 13604 | D:10     | Reached XP level 11. HP: 36/94 MP: 17/17
 13879 | D:10     | Learned a level 6 spell: Conjure Ball Lightning
 14145 | D:10     | Noticed Psyche
 14150 | D:10     | Killed Psyche
 14155 | D:10     | Found a flagged portal.
 14155 | D:10     | Noticed a two-headed ogre
 14163 | D:10     | Killed a two-headed ogre
 14164 | D:10     | Reached skill level 6 in Conjurations
 14169 | Bailey   | Entered a bailey
 14361 | Bailey   | Noticed an orc knight
 14514 | Bailey   | Killed an orc knight
 14559 | Bailey   | Found a large runed translucent door.
 14559 | Bailey   | Found a large runed translucent door.
 14560 | Bailey   | Noticed a deep elf pyromancer
 14644 | Bailey   | Killed a deep elf pyromancer
 14685 | Bailey   | Identified the +2 helmet of Evolution {rN+ Int+5 SInv}
 14694 | Bailey   | Identified the +0 plate armour of Cufis {rF- Will+ Int+6}
 14903 | D:10     | Identified the ring of Moral Flaws {Int+6 Dex+5 Stlth-}
 14992 | D:10     | Found Joluigog's Magic Scroll Boutique.
 15300 | D:10     | Reached skill level 11 in Air Magic
 15423 | D:10     | Reached skill level 3 in Spellcasting
 15423 | D:10     | Reached skill level 7 in Conjurations
 15664 | D:11     | Noticed Erica
 15816 | D:11     | Killed Erica
 15982 | D:11     | Noticed Fannar
 15986 | D:11     | Killed Fannar
 16021 | D:11     | Noticed a boulder beetle
 16047 | D:11     | Killed a boulder beetle
 16534 | D:11     | Noticed Grum
 16549 | D:11     | Killed Grum
 16807 | D:11     | Reached skill level 8 in Conjurations
 17058 | D:11     | Reached XP level 12. HP: 101/101 MP: 13/21
 17114 | D:11     | Identified a scroll of acquirement
 17183 | D:11     | Reached skill level 4 in Spellcasting
 17302 | D:11     | Noticed a five-headed hydra
 17321 | D:11     | Killed a four-headed hydra
 17472 | D:11     | Found a staircase to the Orcish Mines.
 18218 | D:12     | Reached skill level 12 in Air Magic
 18443 | D:12     | Reached skill level 9 in Conjurations
 18852 | D:12     | Noticed a centaur warrior
 18867 | D:12     | Killed a centaur warrior
 19029 | D:12     | Noticed Josephine
 19038 | D:12     | Killed Josephine
 19039 | D:12     | Reached skill level 5 in Spellcasting
 19054 | D:12     | Killed by an exploding ball lightning

Vanquished Creatures
  Fannar (D:11)
  Josephine (D:12)
  A hydra (D:11)
  A boulder beetle (D:11)
  Erica (D:11)
  A two-headed ogre (D:10)
  2 centaur warriors
  A tengu warrior (D:9)
  An orc knight (Bailey)
  2 deep elf pyromancers
  An ugly thing (D:12)
  A cyclops (D:11)
  Maurice (D:9)
  Joseph (D:7)
  Maggie (D:6)
  Psyche (D:10)
  4 kobold demonologists
  A tengu conjurer (D:10)
  3 trolls
  3 slime creatures (D:7)
  2 vampires
  4 wraiths (D:12)
  40 yaks
  Grum (D:11)
  7 vampire mosquitoes
  A water moccasin (D:7)
  Edmund (D:5)
  A black bear (D:4)
  7 orc warriors
  2 ice beasts
  A sky beast (D:7)
  An ogre (D:5)
  A centaur (D:6)
  4 wolves (D:11)
  A phantom (D:7)
  6 kobold brigands
  2 bullfrogs
  3 gnoll sergeants
  6 scorpions
  4 wights
  6 killer bees
  7 howler monkeys
  5 jellies (D:7)
  5 orc priests
  3 hounds
  Jessica (D:2)
  Natasha (thrice) (D:3)
  3 iguanas
  13 orc wizards
  A mummy (D:10)
  18 gnolls
  12 adders
  5 shadow imps
  7 white imps
  6 ufetubi
  A worm (D:4)
  2 dart slugs
  31 orcs
  7 bats
  11 endoplasms
  2 giant cockroaches
  5 goblins
  9 hobgoblins
  17 jackals
  6 quokkas
  6 ball pythons
  2 frilled lizards
  22 kobolds
  7 rats
347 creatures vanquished.

Vanquished Creatures (others)
  An orc wizard (D:7)
  20 ball lightnings
  6 demonic plants (D:7)
  4 fungi (D:7)
  A plant (D:10)
  7 toadstools (D:7)
39 creatures vanquished.

Grand Total: 386 creatures vanquished
